Map: Dragon Scales LE

Players

YoungStar

  • Race: Protoss Protoss
  • League: Grandmaster
  • Spawn Location: 11:00

Morgan - Winner!

  • Race: Zerg Zerg
  • League: Master
  • Spawn Location: 5:00

VOD

Have the link to the VOD?

Description

Time

  • Played on: Jan. 26, 2023, noon
  • Length: 3:36
Show
View Real Time Build Order
Export as new Build Order

YoungStar Protoss 

Build Orders: 1 Gate Expand 

Get SALT Encoding   

  12  0:00  Probe  
  13  0:12  Probe  
  14  0:19  Pylon  
  14  0:24  Probe  
  15  0:37  Probe (Chrono Boost)  
  15  0:38  Gateway  
  16  0:48  Assimilator  
  16  0:49  Probe (Chrono Boost)  
  17  0:54  Probe (Chrono Boost)  
  18  1:03  Probe  
  19  1:15  Probe  
  20  1:23  Nexus  
  20  1:32  Cybernetics Core  
  20  1:37  Probe  
  21  1:41  Assimilator  
  21  1:48  Pylon  
  21  1:51  Probe (Chrono Boost)  
  23  2:02  Probe (Chrono Boost)  
  23  2:06  Adept (Chrono Boost)  
  23  2:07  Probe (Chrono Boost)  
  26  2:17  Probe  
  26  2:18  Twilight Council  
  27  2:29  Probe  
  28  2:30  Adept (Chrono Boost)  
  28  2:35  Probe  
  31  2:41  Probe  
  31  2:47  Probe  
  32  2:53  Probe  
  33  3:03  Shield Battery  
  33  3:11  Pylon  
  33  3:12  Shield Battery  
  30  3:17  Probe x2  
Show
View Real Time Build Order
Export as new Build Order

Morgan Zerg - Winner!

Build Orders: 3 Hatch before Pool 

Get SALT Encoding   

  12  0:00  Drone  
  13  0:11  Drone  
  14  0:34  Hatchery  
  13  0:37  Drone  
  14  1:01  Hatchery  
  13  1:17  Spawning Pool  
  12  1:20  Drone  
  12  1:24  Drone  
  14  1:29  Extractor  
  14  1:31  Drone  
  15  1:42  Overlord  
  15  2:05  Zergling x10  
  20  2:08  Zergling x2  
  20  2:10  Queen  
  23  2:16  Zergling x2  
  23  2:20  Zergling x2  
  23  2:21  Zergling x2  
  26  2:27  Zergling x2  
  26  2:28  Zergling x2  
  28  2:35  Zergling x4  
  30  2:41  Zergling x4  
  32  2:50  Zergling x4  
  32  3:00  Zergling x4  
  33  3:11  Zergling x4  
Tags
 
Add a new tag
Caveats
  • Supply blocks, unpowered buildings, or Contaminate may cause inaccurate times.
  • Supply counts are checked every 10 seconds.